 Dungeon Crawl Stone Soup version 0.27-a0-765-ge4d627daa3 (webtiles) character file.

Game seed: 17478726793711172681

23947 pokeman the Eclecticist (level 12, -1/66 HPs)
             Began as a Deep Elf Hedge Wizard on Mar 24, 2021.
             Was a Priest of Vehumet.
             Shot with an arrow by a centaur warrior (22 damage)
             ... on level 13 of the Dungeon.
             The game lasted 00:53:41 (16743 turns).

pokeman the Eclecticist (Deep Elf Hedge Wizard)    Turns: 16743, Time: 00:53:43

Health: -1/66      AC: 16    Str:  7    XL:     12   Next: 76%
Magic:  32/35      EV: 12    Int: 27    God:    Vehumet [***...]
Gold:   631        SH: 10    Dex: 14    Spells: 28/45 levels left

rFire    + + .     SeeInvis .   l - +9 whip of Resumed Hostilities {vorpal, rF+ Int+2 Stlth+}
rCold    . . .     Faith    .   D - +0 buckler
rNeg     + . .     Spirit   .   Z - +3 troll leather armour {Snorg}
rPois    +         Reflect  +   N - +0 helmet
rElec    .         Harm     .   H - +0 cloak of the Hills {Rampage rF- Regen+}
rCorr    .         Rampage  +   h - +0 pair of gloves {archery}
Will     +....                  y - +0 pair of boots
Stlth    +++.......             s - amulet of reflection
HPRegen  2.21/turn              X - ring "Koyq" {rPois rF+}
MPRegen  0.24/turn              Y - ring of Usmug {*Corrode +Blink rF+ rN+ AC+4}

@: no status effects
A: no striking features
a: Renounce Religion, Evoke Blink


You were on level 13 of the Dungeon.
You worshipped Vehumet.
Vehumet was most pleased with you.
You visited 2 branches of the dungeon, and saw 14 of its levels.

You collected 757 gold pieces.
You spent 126 gold pieces at shops.

Inventory:

Hand Weapons
 g - a +1 shortbow of freezing
 l - the +9 whip of Resumed Hostilities (weapon) {vorpal, rF+ Int+2 Stlth+}
   (You found it on level 9 of the Dungeon)

   It inflicts extra damage upon your enemies.
   It affects your intelligence (+2).
   It protects you from fire.
   It makes you more stealthy.
 r - a +1 shortbow of flaming
Missiles
 d - 346 arrows
 k - 105 bolts
 w - 8 curare-tipped darts
Armour
 h - a +0 pair of gloves of archery (worn)
 q - a scarf of invisibility
 y - a +0 pair of boots (worn)
 D - a +0 buckler (worn)
 H - the +0 cloak of the Hills (worn) {Rampage rF- Regen+}
   (You found it on level 5 of the Dungeon)

   It makes you vulnerable to fire.
   It increases your rate of regeneration.
   It bestows one free step when moving towards enemies.
 N - a +0 helmet (worn)
 Z - a +3 troll leather armour (worn) {Snorg}
Magical Staves
 j - a staff of conjuration
Jewellery
 s - an amulet of reflection (around neck)
 Q - the ring of Farufila {rF+ rC+}
   (You took it off a tengu warrior on level 10 of the Dungeon)

   [ring of protection from cold]

   It protects you from fire.
   It protects you from cold.
 W - the ring "Furu" {+Fly Dex+4}
   (You took it off an orc knight on level 10 of the Dungeon)

   [ring of flight]

   It affects your dexterity (+4).
   It lets you fly.
 X - the ring "Koyq" (right hand) {rPois rF+}
   (You took it off an orc knight on level 10 of the Dungeon)

   [ring of poison resistance]

   It protects you from fire.
   It protects you from poison.
 Y - the ring of Usmug (left hand) {*Corrode +Blink rF+ rN+ AC+4}
   (You took it off an orc warrior on level 10 of the Dungeon)

   [ring of protection]

   It affects your AC (+4).
   It protects you from fire.
   It protects you from negative energy.
   It lets you blink.
   It may corrode you when you take damage.
Wands
 a - a wand of paralysis (11)
Scrolls
 b - 3 scrolls of magic mapping
 c - a scroll of amnesia {unknown}
 i - 2 scrolls of random uselessness {unknown}
 m - 2 scrolls of enchant armour {unknown}
 o - 2 scrolls of immolation {unknown}
 p - 2 scrolls of silence {unknown}
 t - 3 scrolls of fog {unknown}
 v - a scroll of torment {unknown}
 E - a scroll of enchant weapon {unknown}
 G - 2 scrolls of teleportation {unknown}
 K - a scroll of fear {unknown}
 R - 2 scrolls of noise {unknown}
 V - a scroll of vulnerability {unknown}
Potions
 e - 2 potions of mutation {unknown}
 f - 4 potions of curing
 n - 2 potions of haste
 u - a potion of magic {unknown}
 A - 2 potions of heal wounds
 F - a potion of berserk rage {unknown}
 J - a potion of ambrosia {unknown}
 U - 2 potions of cancellation {unknown}


   Skills:
 - Level 4.1 Fighting
 + Level 5.0 Armour
 - Level 3.2 Dodging
 - Level 3.2 Stealth
 - Level 4.0 Shields
 * Level 17.1 Spellcasting
 + Level 10.7 Conjurations
 - Level 1.1 Summonings
 - Level 1.1 Translocations
 + Level 9.6 Fire Magic
 - Level 3.0 Air Magic
 - Level 1.1 Poison Magic
 - Level 1.3 Evocations


You had 28 spell levels left.
You knew the following spells:

 Your Spells              Type           Power      Damage    Failure   Level
a - Magic Dart            Conj           100%       1d8       1%          1
b - Mephitic Cloud        Conj/Pois/Air  50%        N/A       1%          3
c - Call Imp              Summ           29%        N/A       2%          2
d - Blink                 Tloc           N/A        N/A       2%          2
e - Conjure Flame         Conj/Fire      68%        6-21      1%          3
f - Foxfire               Conj/Fire      100%       2x1d9     1%          1
g - Fireball              Conj/Fire      34%        3d14      1%          5

Your spell library contained the following spells:

 Spells                   Type           Power      Damage    Failure   Level
 Hailstorm                Conj/Ice       51%        3d11      1%          4
 Dazzling Flash           Conj/Hex       100%       N/A       1%          3
 Inner Flame              Hex/Fire       49%        N/A       1%          3
 Sticky Flame             Conj/Fire      68%        2d8       1%          4
 Irradiate                Conj/Tmut      25%        3d22      2%          5
 Corona                   Hex            25%        N/A       3%          1
 Ensorcelled Hibernation  Hex/Ice        46%        N/A       4%          2
 Slow                     Hex            23%        N/A       4%          2
 Gell's Gravitas          Tloc           14%        N/A       5%          3
 Confusing Touch          Hex            23%        N/A       9%          3
 Tukima's Dance           Hex            23%        N/A       9%          3
 Yara's Violent Unravell  Hex/Tmut       11%        3d6       21%         5
 Petrify                  Tmut/Erth      23%        N/A       28%         4
 Metabolic Englaciation   Hex/Ice        11%        N/A       63%         5
 Hydra Form               Tmut           11%        N/A       99%         6
 Statue Form              Tmut/Erth      15%        N/A       99%         6
 Dragon Form              Tmut           11%        N/A       100%        7


Dungeon Overview and Level Annotations

Branches:
Dungeon (13/15)            Temple (1/1) D:6            Lair (0/6) D:8
    Orc (0/2) D:10
 Vaults: D:13-14

Altars:
Elyvilon
Makhleb
Nemelex Xobeh
Qazlal
Uskayaw
Vehumet
Xom
Yredelemnul
Beogh

Shops:
D:1 !   D:5 (   D:7 *


Message History

The centaur warrior appears confused.
Unknown command.
You hit the centaur warrior.
The centaur warrior is lightly wounded.
The centaur warrior is engulfed in noxious fumes.
The centaur warrior hits you! You block the centaur warrior's attack.
The centaur warrior is engulfed in noxious fumes.
The centaur warrior completely misses you.
You block the centaur warrior's attack.
The centaur warrior is engulfed in noxious fumes.
The centaur warrior hits you but does no damage.
The centaur warrior misses you.
There is a stone staircase leading up here.
HP restored.
You climb upwards.
There is a stone staircase leading down here.
You start resting.
Magic restored.
You climb downwards.
There is a stone staircase leading up here.
The centaur warrior wields a +1 shortbow of flaming.
It bursts into flame!
The centaur warrior shoots an arrow.
The arrow hits you!! The arrow burns you.
The centaur warrior shoots an arrow.
The arrow hits you! The arrow burns you.
The centaur warrior shoots an arrow.
The arrow hits you!
* * * LOW HITPOINT WARNING * * *
The arrow burns you.
* * * LOW HITPOINT WARNING * * *
Casting: Mephitic Cloud (safe; 1% risk of failure)
Confirm with . or Enter, or press ? or * to list all spells.
You can't see any susceptible monsters within range! (Use Z to cast anyway.)
Casting: Mephitic Cloud (safe; 1% risk of failure)
Confirm with . or Enter, or press ? or * to list all spells.
Aiming: Mephitic Cloud (safe; 1% risk of failure)
Press: ? - help, Shift-Dir - straight line The ball explodes into a vile cloud!
The stinking cloud engulfs the centaur warrior but does no damage.
The centaur warrior is engulfed in noxious fumes.
The centaur warrior shoots an arrow.
The arrow hits you!!
You die...

#.. #†###########
#.#.........#.#
#######.#........)#.#
.....[..#.........#.#
.######.##'########.#
#.............#
#......§.§....#
#......c☼§@...#
#......☼.○....#
#............<#
#..######.....# ....#
#####.# ####+# #.#
#.. #... #....


You could see a centaur warrior.

Vanquished Creatures
  Josephine (D:10)
  Snorg (D:10)
  Harold (D:10)
  4 hydras
  A boulder beetle (D:11)
  A tengu warrior (D:10)
  5 two-headed ogres
  Sonja (D:13)
  The ghost of Gunch the Magician, a novice DjFE of Vehumet (D:7)
  The ghost of Maxmaps the Fighter, a novice DrMo of the Shining One (D:7)
  2 orc knights (D:10)
  A deep elf pyromancer (D:12)
  Pikel (D:4)
  An ugly thing (D:13)
  A manticore (shapeshifter) (D:10)
  A cyclops (D:10)
  A manticore (D:8)
  A gargoyle (D:12)
  An efreet (D:10)
  The ghost of Ajencis the Chiller, a novice BaIE of Cheibriados (D:5)
  Psyche (D:12)
  2 komodo dragons (D:10)
  An unseen horror (D:12)
  4 trolls
  3 shadows
  Sigmund (D:4)
  8 wraiths
  3 yaks (D:10)
  4 steam dragons
  Menkaure (D:4)
  A water moccasin (D:7)
  3 ice beasts
  3 orc warriors
  4 ogres
  A sky beast (D:8)
  A wolf (D:7)
  14 centaurs
  2 phantoms
  2 kobold brigands
  3 lemures (D:4)
  3 gnoll sergeants (D:7)
  A bullfrog (D:8)
  3 scorpions
  A water moccasin skeleton (D:5)
  2 wights (D:10)
  6 killer bees (D:9)
  A howler monkey (D:12)
  4 centaur zombies
  3 orc priests
  2 bullfrog skeletons
  5 hounds
  3 jellies
  Ijyb (D:3)
  A centaur skeleton (D:7)
  Jessica (D:3)
  10 orc wizards
  2 worker ants (D:7)
  A killer bee zombie (D:6)
  2 hound skeletons
  2 howler monkey zombies
  10 adders
  19 gnolls
  3 white imps
  3 ufetubi
  An adder skeleton (D:4)
  4 worms
  4 dart slugs
  28 orcs
  5 ball pythons
  3 bats
  11 endoplasms
  4 giant cockroaches
  7 goblins
  6 hobgoblins
  14 jackals
  14 kobolds
  2 quokkas
  2 frilled lizards
  3 rats
287 creatures vanquished.

Vanquished Creatures (collateral kills)
  3 orcs (D:5)
3 creatures vanquished.

Vanquished Creatures (others)
  19 foxfires
  A plant (D:8)
20 creatures vanquished.

Grand Total: 310 creatures vanquished

Notes
Turn   | Place    | Note
-------+----------+-------------------------------------------
     0 | D:1      | pokeman the Deep Elf Hedge Wizard began the quest for the
                  | Orb.
     0 | D:1      | Reached XP level 1. HP: 10/10 MP: 7/7
   316 | D:1      | Found Pemar's Distillery.
   328 | D:1      | Reached XP level 2. HP: 15/15 MP: 2/9
   867 | D:1      | Reached skill level 5 in Spellcasting
  1176 | D:2      | Reached XP level 3. HP: 20/20 MP: 7/11
  1180 | D:2      | Learned a level 3 spell: Mephitic Cloud
  1183 | D:2      | Learned a level 2 spell: Call Imp
  1186 | D:2      | Learned a level 2 spell: Blink
  1190 | D:2      | Learned a level 3 spell: Conjure Flame
  1304 | D:2      | You fall into a shaft and drop 1 floor!
  1410 | D:3      | Reached skill level 1 in Fighting
  1470 | D:3      | Noticed Ijyb
  1488 | D:3      | Killed Ijyb
  1489 | D:3      | Reached skill level 1 in Armour
  1489 | D:3      | Reached XP level 4. HP: 11/25 MP: 3/13
  1533 | D:3      | Noticed Jessica
  1538 | D:3      | Killed Jessica
  1566 | D:3      | Noticed an ice beast
  2758 | D:3      | Killed an ice beast
  2759 | D:3      | Reached skill level 6 in Spellcasting
  2759 | D:3      | Reached skill level 1 in Fire Magic
  2759 | D:3      | Reached XP level 5. HP: 17/29 MP: 0/15
  3766 | D:4      | Noticed an ogre
  3775 | D:4      | Killed an ogre
  3776 | D:4      | Reached skill level 7 in Spellcasting
  3776 | D:4      | Reached skill level 1 in Evocations
  3776 | D:4      | Reached XP level 6. HP: 19/34 MP: 10/18
  4243 | D:4      | Reached skill level 1 in Poison Magic
  4259 | D:4      | Noticed Sigmund
  4329 | D:4      | Noticed Menkaure
  4361 | D:4      | Killed Sigmund
  4362 | D:4      | Reached skill level 1 in Air Magic
  4362 | D:4      | Reached XP level 7. HP: 15/38 MP: 8/20
  4567 | D:4      | Noticed Pikel
  4601 | D:4      | Killed Pikel
  4602 | D:4      | Reached skill level 8 in Spellcasting
  4943 | D:4      | Reached skill level 9 in Spellcasting
  4943 | D:4      | Reached XP level 8. HP: 44/44 MP: 17/23
  5167 | D:4      | Noticed a two-headed ogre
  5179 | D:4      | Killed a two-headed ogre
  5180 | D:4      | Reached skill level 10 in Spellcasting
  5180 | D:4      | Reached skill level 5 in Conjurations
  5480 | D:4      | Killed Menkaure
  5601 | D:1      | Bought a potion of heal wounds for 70 gold pieces
  5601 | D:1      | Bought a potion of curing for 42 gold pieces
  5601 | D:1      | Bought a potion of degeneration for 14 gold pieces
  5701 | D:5      | Entered Level 5 of the Dungeon
  5775 | D:5      | Reached XP level 9. HP: 48/48 MP: 16/25
  6391 | D:5      | Found Pixtie's Weapon Shoppe.
  6566 | D:5      | Found a runed translucent gate.
  6567 | D:5      | Found a runed translucent gate.
  6567 | D:5      | Noticed Ajencis's ghost (novice BaIE)
  6568 | D:5      | Found a runed translucent gate.
  6924 | D:5      | Killed Ajencis's ghost
  6925 | D:5      | Reached skill level 11 in Spellcasting
  6957 | D:5      | Identified the +0 cloak of the Hills {Rampage rF- Regen+}
  7053 | D:6      | Reached skill level 1 in Shields
  7074 | D:6      | Found a staircase to the Ecumenical Temple.
  7083 | Temple   | Entered the Ecumenical Temple
  7187 | Temple   | Became a worshipper of Vehumet
  8505 | D:7      | Reached * piety under Vehumet
  8505 | D:7      | Offered knowledge of Freeze by Vehumet.
  8847 | D:7      | Found a runed translucent gate.
  8875 | D:7      | Reached skill level 12 in Spellcasting
  8917 | D:7      | Found Zoukleg's Assorted Antiques.
  8935 | D:7      | Found a runed translucent gate.
  8935 | D:7      | Found a runed translucent gate.
  9261 | D:7      | Reached skill level 5 in Fire Magic
  9513 | D:7      | Noticed Maxmaps's ghost (novice DrMo)
  9513 | D:7      | Noticed Gunch's ghost (novice DjFE)
  9600 | D:8      | Reached XP level 10. HP: 53/53 MP: 22/28
  9768 | D:8      | Found a staircase to the Lair.
 10065 | D:8      | Reached ** piety under Vehumet
 10065 | D:8      | Offered knowledge of Searing Ray by Vehumet.
 10099 | D:8      | Noticed a manticore
 10114 | D:8      | Killed a manticore
 10849 | D:9      | Reached skill level 13 in Spellcasting
 11022 | D:9      | Identified the +9 whip of Resumed Hostilities {vorpal, rF+
                  | Int+2 Stlth+}
 11160 | D:9      | Learned a level 1 spell: Foxfire
 11166 | D:9      | Learned a level 5 spell: Fireball
 11306 | D:9      | Found a burning altar of Makhleb.
 11572 | D:7      | Killed Maxmaps's ghost
 11572 | D:7      | Offered knowledge of Static Discharge by Vehumet.
 11587 | D:7      | Killed Gunch's ghost
 11774 | D:10     | Entered Level 10 of the Dungeon
 11984 | D:10     | Reached skill level 14 in Spellcasting
 11985 | D:10     | Reached XP level 11. HP: 51/58 MP: 23/31
 12034 | D:10     | Noticed a five-headed hydra
 12035 | D:10     | Identified the ring "Furu" {+Fly Dex+4}
 12035 | D:10     | Noticed an orc knight
 12038 | D:10     | Killed a five-headed hydra
 12038 | D:10     | Reached *** piety under Vehumet
 12039 | D:10     | Identified the ring of Usmug {*Corrode +Blink rF+ rN+ AC+4}
 12069 | D:10     | Killed an orc knight
 12303 | D:10     | Noticed a five-headed hydra
 12308 | D:10     | Noticed Harold
 12309 | D:10     | Killed a five-headed hydra
 12477 | D:10     | Found a staircase to the Orcish Mines.
 12501 | D:10     | Noticed Snorg
 12576 | D:10     | Identified the ring "Koyq" {rPois rF+}
 12576 | D:10     | Noticed an orc knight
 12612 | D:10     | Killed an orc knight
 12613 | D:10     | Reached skill level 15 in Spellcasting
 12717 | D:10     | Killed Harold
 12949 | D:10     | Killed Snorg
 13101 | D:10     | Noticed Josephine
 13111 | D:10     | Killed Josephine
 13366 | D:10     | Identified the ring of Farufila {rF+ rC+}
 13366 | D:10     | Noticed a tengu warrior
 13378 | D:10     | Killed a tengu warrior
 13379 | D:10     | Reached XP level 12. HP: 50/66 MP: 14/33
 13844 | D:11     | Noticed a two-headed ogre
 13847 | D:11     | Killed a two-headed ogre
 13981 | D:11     | Offered knowledge of Hailstorm by Vehumet.
 14111 | D:11     | Reached skill level 16 in Spellcasting
 14295 | D:11     | Noticed a boulder beetle
 14304 | D:11     | Killed a boulder beetle
 14305 | D:11     | Reached skill level 10 in Conjurations
 14554 | D:11     | You fall into a shaft and drop 2 floors!
 14845 | D:11     | Noticed a two-headed ogre
 14857 | D:11     | Killed a two-headed ogre
 15466 | D:12     | Noticed a two-headed ogre
 15469 | D:12     | Killed a two-headed ogre
 15620 | D:12     | Noticed a two-headed ogre
 15623 | D:12     | Killed a two-headed ogre
 15814 | D:12     | Noticed a five-headed hydra
 16027 | D:12     | Found a white marble altar of Elyvilon.
 16052 | D:12     | Noticed Psyche
 16054 | D:12     | Killed Psyche
 16451 | D:12     | Killed a five-headed hydra
 16542 | D:13     | Noticed Sonja
 16544 | D:13     | Killed Sonja
 16545 | D:13     | Reached skill level 17 in Spellcasting
 16589 | D:13     | Noticed an eight-headed hydra
 16593 | D:13     | Killed an eight-headed hydra
 16594 | D:13     | Reached skill level 5 in Armour
 16595 | D:13     | Noticed a centaur warrior
 16743 | D:13     | Shot with an arrow by a centaur warrior

Illustrated notes

Levels and vault maps discovered:
D:1:      minmay_arrival_four_houses, layout_basic, serial_shops,
          nicolae_shop_behind_doors
D:2:      layout_loops_ring
D:3:      layout_basic, uniq_jessica, uniq_ijyb
D:4:      layout_rooms, nzn_random_ring, uniq_sigmund, uniq_pikel, uniq_menkaure
D:5:      layout_loops_ring, biasface_ghost_orc_armoury, serial_shops,
          nicolae_shop_crystal, hangedman_abyss_or_decor_stabs,
          kennysheep_generic_room_6
D:6:      layout_gridville, minmay_temple_entry_stoned_glass
D:7:      layout_cave_pools, gammafunk_ghost_cemetery, serial_gnoll_camp,
          gnoll_camp_mini_basic, gnoll_camp_mini_doghouse,
          gnoll_camp_mini_basic, gnoll_camp_mini_hut, gnoll_camp_mini_shop
D:8:      layout_loops_ring, lair_entry_dummy, corexii_hall_statues_t,
          wad_dig_loot
D:9:      layout_small_grid, lemuel_doored_altar, lightli_orcish_oven
D:10:     minmay_the_grid_triangle_9x9_rhombus_thin_mashed
          [minmay_the_grid_triangle_9x9_steps,
          minmay_the_grid_triangle_9x9_prize_special,
          minmay_the_grid_triangle_9x9_checkered,
          minmay_the_grid_triangle_9x9_pentomino_pain], layout_basic,
          uniq_josephine, uniq_snorg, uniq_harold
D:11:     layout_rooms, serial_co_window_serial, co_window_of_opportunity_a,
          co_window_of_opportunity_a, co_window_paths_a, co_window_corner_a,
          co_window_paths_a, co_window_corner_b, co_window_of_opportunity_c,
          co_window_2corner, co_window_2corner, co_window_broadway_a,
          co_window_sun, glass_columns_b, glass_columns_c, dk_noncrumbling_3
D:12:     layout_roguey, basic_altar, st_stairs_12, uniq_psyche
D:13:     lemuel_ice_statue, layout_irregular_city, ximxim_vaults_locker_room,
          einodemon_armed_red_devil_minivault, uniq_frances, uniq_azrael,
          uniq_sonja
Temple:   roderic_octagonal_lattice_temple

Skill      XL: |  1  2  3  4  5  6  7  8  9 10 11 12 |
---------------+-------------------------------------+-----
Spellcasting   | 5 6 7 9 10 12 14 15 17 | 17.1
Fighting       | 1 2 4 |  4.1
Armour         | 1 2 3 5 |  5.0
Conjurations   | 2 3 4 5 7 8 9 10 | 10.7
Dodging        | 3 |  3.2
Fire Magic     | 1 3 5 6 8 9 |  9.6
Stealth        | 3 |  3.2
Evocations     | 1 |  1.3
Poison Magic   | 1 |  1.1
Air Magic      | 1 2 3 |  3.0
Shields        | 2 4 |  4.0
Summonings     | |  1.1
Translocations | |  1.1

Action                   |  1- 3 |  4- 6 |  7- 9 | 10-12 || total
-------------------------+-------+-------+-------+-------++-------
Melee: Dagger            |    31 |    33 |       |       ||    64
       Scythe            |       |       |    51 |       ||    51
       Spear             |       |       |    62 |    60 ||   122
       Whip              |       |       |       |    53 ||    53
 Fire: Shortbow          |       |       |    18 |       ||    18
 Cast: Magic Dart        |    76 |   129 |   287 |    64 ||   556
       Mephitic Cloud    |     1 |    11 |    21 |    30 ||    63
       Conjure Flame     |     1 |     7 |    27 |    31 ||    66
       Call Imp          |       |     4 |     5 |     7 ||    16
       Blink             |       |     1 |       |     1 ||     2
       Fireball          |       |       |       |   117 ||   117
       Foxfire           |       |       |       |    12 ||    12
Evoke: Wand              |       |       |       |     9 ||     9
  Use: Scroll            |       |       |       |     7 ||     7
 Stab: Confused          |     1 |     2 |    12 |     7 ||    22
       Sleeping          |       |       |     1 |       ||     1
       Paralysed         |       |       |       |     8 ||     8
Armor: Robe              |    10 |       |       |       ||    10
       Leather armour    |       |     6 |    47 |     8 ||    61
       Steam dragon scal |       |       |       |     5 ||     5
       Troll leather arm |       |       |       |    17 ||    17
Dodge: Dodged            |    34 |    24 |    97 |    44 ||   199
Block: Other             |       |     3 |    35 |    12 ||    50
       Reflection        |       |     1 |     1 |     7 ||     9
       Buckler           |       |       |       |    25 ||    25

Table legend: (Time is in decaauts)
 A = Elapsed time spent in this place.
 B = Non-inter-level travel time spent in this place.
 C = Inter-level travel time spent in this place.
 D = Time resting spent in this place.
 E = Time spent auto-exploring this place.
 F = Levels seen in this place.
 G = Mean time per level.
                   A        B        C        D        E       F      G
               +--------+--------+--------+--------+--------+-----+--------+
         Total |  16827 |  15879 |    948 |   1685 |  11306 |  14 | 1201.9 |
       Dungeon |  16672 |  15744 |    928 |   1685 |  11205 |  13 | 1282.5 |
        Temple |    155 |    136 |     19 |      0 |    101 |   1 |  155.0 |
               +--------+--------+--------+--------+--------+-----+--------+

Top non-repeatable levels by time:
     D:4: 2029 daAuts
    D:10: 1638 daAuts
     D:7: 1609 daAuts
     D:3: 1550 daAuts
    D:11: 1472 daAuts
     D:5: 1356 daAuts
    D:12: 1327 daAuts
     D:9: 1253 daAuts
     D:1: 1241 daAuts
     D:8: 1145 daAuts
     D:6: 1041 daAuts
     D:2: 903 daAuts
  Temple: 155 daAuts
    D:13: 102 daAuts
